 Dungeon Crawl Stone Soup version 0.29.1-1-gd02db6906a (webtiles) character file.

Game seed: 3182759047782916834

16 unlimited1921 the Trooper (level 2, -4/33 HPs)
             Began as an Ogre Cinder Acolyte on Oct 8, 2022.
             Was a High Priest of Ignis.
             Slain by a kobold
             ... wielding a +0 mace
              (5 damage)
             ... on level 1 of the Dungeon.
             The game lasted 00:03:52 (962 turns).

unlimited1921 the Trooper (Ogre Cinder Acolyte)      Turns: 962, Time: 00:03:53

Health: -4/33      AC: 11    Str: 17    XL:     2   Next: 58%
Magic:  3/3        EV:  9    Int: 15    God:    Ignis [*****.]
Gold:   32         SH:  0    Dex:  4    Spells: 3/3 levels left

rFire   + . .      SeeInvis .   a - -1 hand axe (flame)
rCold   . . .      Faith    .   (no shield)
rNeg    . . .      Spirit   .   b - +1 robe
rPois   .          Reflect  .   (helmet restricted)
rElec   .          Harm     .   (no cloak)
rCorr   .          Rampage  .   (gloves unavailable)
Will    .....                   (boots unavailable)
Stlth   +.........              (no amulet)
HPRegen 0.11/turn               (no ring)
MPRegen 0.08/turn               (no ring)

@: fiery-armoured
A: large, unfitting armour, tough skin 1
a: Renounce Religion, Fiery Armour, Foxfire Swarm, Rising Flame


You were on level 1 of the Dungeon.
You worshipped Ignis.
Ignis was extremely pleased with you.
You visited 1 branch of the dungeon, and saw 1 of its levels.

You collected 32 gold pieces.

Inventory:

Hand Weapons
 a - a -1 hand axe of flaming (weapon)
Missiles
 c - 7 stones (quivered)
Armour
 b - a +1 robe (worn)


   Skills:
 + Level 4.4 Fighting
 + Level 3.2 Axes
 + Level 0.3 Dodging
 + Level 1.2 Spellcasting
 + Level 2.9 Fire Magic


You had 3 spell levels left.
You didn't know any spells.
Your spell library contained the following spells:

 Spells                   Type           Power      Damage    Failure   Level
 Scorch                   Fire           18%        2d5       11%         2
 Sting                    Tmut/Pois      0%         1d3       24%         1
 Poisonous Vapours        Pois/Air       0%         N/A       36%         2
 Olgreb's Toxic Radiance  Pois           0%         N/A       94%         4


Dungeon Overview and Level Annotations

Branches:
Dungeon (1/15)

Altars:


Innate Abilities, Weirdness & Mutations

You are too large for most types of armour.
You have tough skin. (AC +1)


Message History

You see here a +0 whip.
A kobold comes into view. It is wielding a +0 mace.
The kobold shouts!
The kobold hits you with a +0 mace.
You barely miss the kobold. The kobold hits you with a +0 mace!
You barely miss the kobold. The kobold hits you with a +0 mace.
You hit the kobold but do no damage. The kobold hits you with a +0 mace.
You are too injured to fight recklessly!
You are too injured to fight recklessly!
You are too injured to fight recklessly!
You are too injured to fight recklessly!
The kobold attacks as you move away! The kobold closely misses you.
The kobold attacks as you move away! The kobold hits you but does no damage.
The kobold attacks as you move away! The kobold closely misses you.
The kobold attacks as you move away! The kobold hits you with a +0 mace.
The kobold hits you with a +0 mace. The kobold hits you with a +0 mace.
* * * LOW HITPOINT WARNING * * *
The kobold attacks as you move away! The kobold closely misses you.
The kobold attacks as you move away! The kobold hits you but does no damage.
You see here a +0 whip.
The kobold attacks as you move away! The kobold hits you with a +0 mace.
* * * LOW HITPOINT WARNING * * *
A protective cloak of flame settles atop you.
The kobold hits you with a +0 mace.
* * * LOW HITPOINT WARNING * * *
The kobold is burned by your cloak of flames.
The kobold is moderately wounded.
As you read the scroll labelled SAZXEZ NICKU, it crumbles to dust.
You hear a loud clanging noise!
It was a scroll of noise.
You hear an angry hiss.
You hear a shout!
The kobold barely misses you.
As you read the scroll labelled KEOSTAG ABAWK, it crumbles to dust.
It is a scroll of enchant armour.
Your +0 robe glows green for a moment.
The kobold hits you but does no damage.
You don't know any spells.
Unknown command.
The kobold attacks as you move away! The kobold hits you with a +0 mace.
You die...

#....#.####.##....#
#....'....#.##....#
#....###....##....# #....#
#.....#....# #....#####.#.#)...#
####)...#.......#....#
#.......#######......# #....####
#K.....# #....# #@.....####
###### ###..........#.#.#
########## ##....#.....#.#.#.#
.........# #....###....#.#.#.#
.........####.###....##.#...#.###
.........##...##.....#......#.#.#
.........##..........#....#.#.#.#
.........##......#..##.##...#.#..
.........##....#.#..............#


You could see a kobold.

Vanquished Creatures
  2 endoplasms (D:1)
  2 goblins (D:1)
  A hobgoblin (D:1)
  2 quokkas (D:1)
  2 bats (D:1)
  2 frilled lizards (D:1)
  3 kobolds (D:1)
  2 rats (D:1)
16 creatures vanquished.

Notes
Turn   | Place    | Note
-------+----------+-------------------------------------------
     0 | D:1      | unlimited1921 the Ogre Cinder Acolyte began the quest for
                  | the Orb.
     0 | D:1      | Reached XP level 1. HP: 24/24 MP: 2/2
   282 | D:1      | Reached XP level 2. HP: 27/33 MP: 3/3
   956 | D:1      | HP: 1/33 [kobold/+0 mace (3)]
   962 | D:1      | Slain by a kobold

Illustrated notes

Levels and vault maps discovered:
D:1:      dpeg_arrival_three_same_balls, layout_basic,
          chequers_ecumenical_altar_island

Action                   || total
-------------------------++-------
Melee: Hand axe          ||    50
Invok: Fiery Armour      ||     1
  Use: Scroll            ||     2
Armor: Robe              ||    14
Dodge: Dodged            ||    29
